[Event "Titled Tuesday Blitz April 12 Early 2022"]
[White "Brodowski, Piotr"]
[Black "Narayanan.S.L"]
[WhiteFideId "1124480"]
[BlackFideId "5058422"]
[WhiteElo "2422"]
[BlackElo "2494"]
[Result "0-1"]
[Round "08"]
[TimeControl "180+1"]
[Date "2022.04.12"]
[WhiteClock "0:00:15"]
[BlackClock "0:01:30"]

1. c4 g6 2. Nf3 Bg7 3. g3 Nf6 4. Bg2 O-O 5. d4 d6 6. O-O Nbd7 7. Nc3 e5 8. h3 Re8 9. Be3 a6 10. Qb3 Rb8 11. Rfd1 Qe7 12. Qa3 b5 13. Nd5 Nxd5 14. cxd5 Nb6 15. b3 Nxd5 16. Bg5 Qe6 17. dxe5 dxe5 18. Rac1 b4 19. Qb2 Nc3 20. Rd2 Bb7 21. Be3 h6 22. a3 a5 23. axb4 axb4 24. Bc5 Bxf3 25. exf3 e4 26. Qc2 exf3 27. Bxf3 Qxh3 28. Bc6 Red8 29. Ba7 Rbc8 30. Bb7 Rxd2 31. Qxd2 Re8 32. Re1 Rxe1+ 33. Qxe1 Qd7 34. Ba6 Bd4 35. Bc4 Bxa7 0-1


[Site "https://www.chess.com"]

[Event "Titled Tuesday Blitz April 12 Early 2022"]
[White "Bryakin, Mikhail"]
[Black "Piesik, Piotr"]
[WhiteFideId "4165314"]
[BlackFideId "1136194"]
[WhiteElo "2417"]
[BlackElo "2190"]
[Result "1-0"]
[Round "08"]
[TimeControl "180+1"]
[Date "2022.04.12"]
[WhiteClock "0:02:03"]
[BlackClock "0:00:54"]

1. e4 g6 2. d4 Bg7 3. Nc3 c6 4. f4 d5 5. e5 Nh6 6. Nf3 Bg4 7. h3 Bxf3 8. Qxf3 Nf5 9. Be3 Nxe3 10. Qxe3 e6 11. O-O-O h5 12. g3 Bf8 13. Be2 Qa5 14. a3 a6 15. g4 h4 16. f5 exf5 17. Kb1 f4 18. Qxf4 Nd7 19. Rhf1 Rh7 20. Na2 O-O-O 21. Nc1 Be7 22. Nb3 Qc7 23. g5 Nf8 24. Bg4+ Ne6 25. Bxe6+ fxe6 26. Qg4 Qd7 27. Nc5 Bxc5 28. dxc5 Rf7 29. Rf6 Rxf6 30. gxf6 Qf7 31. Qxh4 Rg8 32. Rg1 Kd7 33. Qh6 Ke8 34. h4 Qf8 35. Rxg6 Qxh6 36. Rxh6 Rg1+ 37. Ka2 Re1 38. Rh8+ Kf7 39. Rh7+ Kf8 40. Rxb7 Rxe5 41. Rc7 Re4 42. Rxc6 Kf7 43. Rxa6 Kxf6 44. b4 Rxh4 45. Kb3 Rh1 46. Kb2 Ke7 47. Ra7+ Kd8 48. b5 Rh4 49. c6 Rc4 50. Kb3 e5 51. Rd7+ 1-0


[Site "https://www.chess.com"]

[Event "Titled Tuesday Blitz April 12 Early 2022"]
[White "Bures, Vit"]
[Black "Agasarov, Benik"]
[WhiteFideId "309052"]
[BlackFideId "13314823"]
[WhiteElo "2079"]
[BlackElo "2516"]
[Result "0-1"]
[Round "08"]
[TimeControl "180+1"]
[Date "2022.04.13"]
[WhiteClock "0:00:03"]
[BlackClock "0:00:12"]

1. d4 Nf6 2. c4 e6 3. Nc3 Bb4 4. e3 O-O 5. Ne2 d5 6. a3 Be7 7. cxd5 exd5 8. Nf4 c6 9. Bd3 Re8 10. O-O Nbd7 11. f3 c5 12. Ncxd5 Nxd5 13. Nxd5 Bd6 14. Qc2 cxd4 15. exd4 Qh4 16. f4 Nf6 17. g3 Qh3 18. Nxf6+ gxf6 19. Be4 Bg4 20. Bg2 Qh5 21. Bd2 Rac8 22. Qb3 Re2 23. Rf2 Rxf2 24. Kxf2 Be6 25. Qf3 Qxf3+ 26. Bxf3 Rc2 27. Ke3 Rxb2 28. Rc1 Rb3+ 29. Rc3 Rxc3+ 30. Bxc3 Bxa3 31. Bxb7 Kf8 32. d5 Bc5+ 33. Bd4 Bxd4+ 34. Kxd4 Bg4 35. Kc5 Ke7 36. d6+ Kd8 37. Bc6 Bd7 38. Bb7 h6 39. Ba6 Ba4 40. Kd5 Kd7 41. Kc5 Bc6 42. h4 f5 43. Bc4 f6 44. Bd3 Be4 45. Bc4 a5 46. Bb3 Bc6 47. Bc4 a4 48. Ba2 a3 49. Bc4 Be4 50. Ba2 Bd3 51. Bd5 Bb1 52. Be6+ Kd8 53. d7 a2 54. Kd5 a1=Q 0-1


[Site "https://www.chess.com"]

[Event "Titled Tuesday Blitz April 12 Early 2022"]
[White "Butti, Enrique"]
[Black "Ovezdurdyyeva, Jemal"]
[WhiteFideId "3700470"]
[BlackFideId "14001888"]
[WhiteElo "2080"]
[BlackElo "1946"]
[Result "0-1"]
[Round "08"]
[TimeControl "180+1"]
[Date "2022.04.13"]
[WhiteClock "0:00:19"]
[BlackClock "0:00:15"]

1. d4 Nf6 2. Nf3 g6 3. c4 Bg7 4. Nc3 d5 5. Bg5 c6 6. e3 O-O 7. Bd3 Qa5 8. O-O Bg4 9. Bh4 Qb4 10. cxd5 Qxb2 11. Rc1 cxd5 12. Bxf6 Bxf6 13. Nxd5 Nc6 14. Nxf6+ exf6 15. Rb1 Qxa2 16. Rxb7 a5 17. Rc7 Qd5 18. Be2 Qd6 19. Rb7 Nb4 20. Nd2 Bc8 21. Rb5 Bd7 22. Rc5 Rfc8 23. Nc4 Qb8 24. Rxa5 Rxa5 25. Nxa5 Nd5 26. Bf3 Nc3 27. Qb3 Qc7 28. Qb7 Qxb7 29. Nxb7 f5 30. Nc5 Be8 31. Rc1 Nb5 32. Ra1 f4 33. Ra6 fxe3 34. fxe3 Nc3 35. Ra7 Rb8 36. d5 Rd8 37. e4 Rc8 38. Nd3 Nb5 39. Rb7 Nd6 40. Rb6 Nc4 41. Nf4 Nxb6 0-1


[Site "https://www.chess.com"]

[Event "Titled Tuesday Blitz April 12 Early 2022"]
[White "Bychkov, Vladimir"]
[Black "Janaszak, Dawid"]
[WhiteFideId "24151513"]
[BlackFideId "1119206"]
[WhiteElo "2197"]
[BlackElo "2199"]
[Result "0-1"]
[Round "08"]
[TimeControl "180+1"]
[Date "2022.04.13"]
[WhiteClock "0:00:03"]
[BlackClock "0:00:13"]

1. Nf3 Nf6 2. c4 g6 3. Nc3 Bg7 4. g3 O-O 5. Bg2 d5 6. cxd5 Nxd5 7. O-O e6 8. a3 c5 9. Qc2 Nc6 10. d3 b6 11. Bg5 Qd7 12. Nxd5 exd5 13. Rac1 Bb7 14. h4 Rfe8 15. h5 h6 16. Be3 g5 17. Rfe1 Qg4 18. Nh2 Qf5 19. g4 Qd7 20. b4 Nd4 21. Bxd4 Bxd4 22. e3 Be5 23. bxc5 Rac8 24. d4 Bxh2+ 25. Kxh2 Qxg4 26. Qe2 Qh4+ 27. Kg1 g4 28. cxb6 axb6 29. Rxc8 Rxc8 30. Rb1 Rc6 31. Qe1 Qxh5 32. a4 Qg6 33. a5 Bc8 34. axb6 Rxb6 35. Rxb6 Qxb6 36. Bxd5 Qd6 37. Bg2 h5 38. d5 h4 39. e4 h3 40. e5 Qc5 41. Be4 g3 42. d6 Kg7 43. Qe3 gxf2+ 44. Kxf2 Qxe5 45. Qg3+ Qxg3+ 46. Kxg3 Kf6 47. Bf3 Ke5 48. Bb7 Bd7 49. Bf3 Kxd6 50. Bh5 f6 51. Be2 Ke5 52. Bf1 Ke4 53. Bc4 Ke3 54. Bb3 Bc8 55. Bc2 Ke2 56. Bb1 Ke3 57. Bc2 Kd2 58. Bb1 Ke1 59. Bg6 Kf1 60. Be4 Kg1 61. Bd5 h2 62. Kf4 Bh3 63. Bc6 Bg2 0-1


[Site "https://www.chess.com"]

[Event "Titled Tuesday Blitz April 12 Early 2022"]
[White "Cagara, Paulina"]
[Black "Tsyhanchuk, Stanislav"]
[WhiteFideId "1124870"]
[BlackFideId "13505130"]
[WhiteElo "1780"]
[BlackElo "2078"]
[Result "0-1"]
[Round "08"]
[TimeControl "180+1"]
[Date "2022.04.13"]
[WhiteClock "0:00:50"]
[BlackClock "0:00:50"]

1. e4 d5 2. exd5 Nf6 3. Nf3 Nxd5 4. d4 Bf5 5. c4 Nf6 6. Nc3 e6 7. Be3 Nbd7 8. Be2 Bb4 9. O-O O-O 10. Rc1 c6 11. Bg5 h6 12. Bh4 Re8 13. Bd3 Bxd3 14. Qxd3 e5 15. dxe5 Nxe5 16. Nxe5 Rxe5 17. Qxd8+ Rxd8 18. Bxf6 gxf6 19. g3 Rd2 20. Na4 b5 21. cxb5 cxb5 22. a3 bxa4 23. axb4 Rxb2 24. Rc8+ Kg7 25. Rc7 a5 26. bxa5 Rxa5 27. Ra1 a3 28. Kg2 a2 29. Rcc1 Rf5 30. Rf1 Kf8 31. h3 Ke7 32. g4 Rc5 33. Kg3 Kd6 34. Rfd1+ Kc6 35. Rd3 Rcc2 36. f3 Rb1 37. Rd1 Rxd1 38. Rxd1 Kc5 39. Kf4 Kb4 40. Kf5 Rc6 41. f4 Kb3 42. h4 Kb2 43. Rd2+ Rc2 44. Rxc2+ Kxc2 45. Kxf6 a1=Q+ 46. Kxf7 Qd4 47. Kg6 Qxf4 48. g5 hxg5 49. hxg5 Kd3 50. Kh7 Qxg5 51. Kh8 Ke4 52. Kh7 Kf5 53. Kh8 Kf6 54. Kh7 Qh4+ 55. Kg8 Qc4+ 56. Kh7 Qf1 57. Kh8 Qa1 58. Kh7 Qb2 59. Kh8 Qc3 60. Kh7 Qd4 61. Kh8 Qe5 62. Kh7 Qd6 63. Kh8 Qc7 64. Kg8 Qb8+ 65. Kh7 Qa8 66. Kh6 Qg8 67. Kh5 Qg3 68. Kh6 Qg5+ 69. Kh7 Qg6+ 70. Kh8 Qg7# 0-1


[Site "https://www.chess.com"]

[Event "Titled Tuesday Blitz April 12 Early 2022"]
[White "Calin, Alexandru"]
[Black "Papp, Levente"]
[WhiteFideId "1222961"]
[BlackFideId "751243"]
[WhiteElo "2020"]
[BlackElo "2308"]
[Result "0-1"]
[Round "08"]
[TimeControl "180+1"]
[Date "2022.04.13"]
[WhiteClock "0:00:31"]
[BlackClock "0:00:25"]

1. d4 e6 2. Nf3 d5 3. c4 Nf6 4. g3 Bb4+ 5. Bd2 a5 6. Bg2 O-O 7. O-O dxc4 8. Qc2 Bxd2 9. Nbxd2 b5 10. e3 Nd5 11. a4 c6 12. Ne4 Na6 13. Ne5 Nab4 14. Qb1 f6 15. Nf3 Nd3 16. Rd1 Rb8 17. Bf1 N5b4 18. b3 Qd5 19. Nfd2 e5 20. Nc3 Qf7 21. bxc4 exd4 22. exd4 bxc4 23. Ra3 Nxf2 24. Bxc4 Nh3+ 25. Kg2 Be6 26. Qb3 Nd5 27. Bxd5 Rxb3 28. Bxe6 Qxe6 29. Rxb3 Ng5 30. h4 Qh3+ 31. Kf2 Qh2+ 32. Kf1 Nh3 33. Nde4 f5 34. Rd2 Qg1+ 0-1


[Site "https://www.chess.com"]

[Event "Titled Tuesday Blitz April 12 Early 2022"]
[White "Caruana, Fabiano"]
[Black "Nogerbek, Kazybek"]
[WhiteFideId "2020009"]
[BlackFideId "13710427"]
[WhiteElo "2744"]
[BlackElo "2466"]
[Result "1/2-1/2"]
[Round "08"]
[TimeControl "180+1"]
[Date "2022.04.12"]
[WhiteClock "0:00:09"]
[BlackClock "0:00:03"]

1. e4 e5 2. Nf3 Nc6 3. Bb5 a6 4. Ba4 Nf6 5. O-O Be7 6. Re1 b5 7. Bb3 O-O 8. d3 d6 9. c3 Bb7 10. Nbd2 Re8 11. Nf1 Bf8 12. Bg5 h6 13. Bh4 Nb8 14. Ne3 Nbd7 15. h3 c6 16. Nh2 a5 17. a4 b4 18. cxb4 axb4 19. Nhg4 h5 20. Nxf6+ Nxf6 21. Qf3 Bc8 22. Rec1 Ra6 23. Bc4 Ra5 24. Nf5 Bxf5 25. Qxf5 Qd7 26. Qf3 Be7 27. Bb3 d5 28. Bxf6 Bxf6 29. Qxh5 g6 30. Qf3 Kg7 31. Rc2 Re6 32. Rac1 Bg5 33. exd5 Rf6 34. dxc6 Qc7 35. Qe4 Bxc1 36. Rxc1 Rf4 37. Qe3 Rd4 38. Qf3 Rf4 39. Qe2 Rf6 40. Qe4 Rf4 41. Qe3 Rf6 42. Qd2 Rxc6 43. Rxc6 Qxc6 44. Qxb4 Ra7 45. Kh2 Rd7 46. Qc4 Qf6 47. Kg1 Qd6 48. Qc3 Rc7 49. Bc4 Rd7 50. a5 Qd4 51. Qxd4 Rxd4 52. f3 Kf6 53. b4 Ke7 54. b5 Kd6 55. a6 Kc7 56. a7 Kb7 57. b6 Rd8 58. Bxf7 Kxb6 59. Bxg6 Kxa7 60. Be4 Kb6 61. Kh2 Kc5 62. h4 Kd6 63. Kh3 Ke6 64. h5 Kf6 65. Kh4 Rb8 66. g4 Rb1 67. g5+ Kf7 68. Kg4 Rh1 69. h6 Ke6 70. h7 Rh2 71. Bc6 Rxh7 72. g6 Rh2 73. Kg5 Rg2+ 74. Kh5 Kf6 75. Be4 Rg1 76. Kh4 Rg5 77. Kh3 Rg1 78. Kh2 Ra1 79. Kg3 Ra7 80. Kg4 Rd7 81. Kh5 Ra7 82. Kh6 Ra2 83. Kh7 Ra7+ 84. Kh6 Ra2 85. Kh5 Rh2+ 86. Kg4 Rg2+ 87. Kh3 Rg1 88. Kh2 Rg5 89. Kh1 Kg7 90. Kh2 Kf6 91. Kh3 Rh5+ 92. Kg4 Rh1 93. Kg3 Rg1+ 94. Kf2 Rg5 95. Ke3 Rh5 96. Kd2 Rh8 97. Kc3 Rd8 98. Kd2 Rb8 99. Ke3 Rb4 100. f4 exf4+ 101. Kxf4 Ra4 102. Ke3 Rb4 103. d4 Ke6 104. Bd3 Kf6 105. Be4 Rb6 106. d5 Rb4 107. Bd3 Ke5 108. g7 Rb8 109. Bh7 Kxd5 110. g8=Q+ Rxg8 111. Bxg8+ 1/2-1/2


[Site "https://www.chess.com"]

[Event "Titled Tuesday Blitz April 12 Early 2022"]
[White "Chernomordik, Pavel"]
[Black "Kouskoutis, Georgios-Alexandros"]
[WhiteFideId "2804530"]
[BlackFideId "4234049"]
[WhiteElo "2220"]
[BlackElo "2130"]
[Result "0-1"]
[Round "08"]
[TimeControl "180+1"]
[Date "2022.04.13"]
[WhiteClock "0:00:39"]
[BlackClock "0:00:06"]

1. e4 c5 2. Nc3 Nc6 3. Bb5 Nd4 4. Bc4 e6 5. Nge2 Nf6 6. O-O Nxe2+ 7. Qxe2 d6 8. f4 Be7 9. d3 O-O 10. e5 dxe5 11. fxe5 Nd5 12. Ne4 b6 13. Qg4 Kh8 14. Qh5 Kg8 15. Bg5 f5 16. exf6 Nxf6 17. Qh4 Bb7 18. Bxe6+ Kh8 19. Nxf6 Bxf6 20. Bxf6 Rxf6 21. Rxf6 Qxf6 22. Qxf6 gxf6 23. Kf2 Re8 24. Bf5 Re5 25. g4 h5 26. h3 hxg4 27. hxg4 Kg7 28. Rh1 Bxh1 29. Kg1 Bd5 30. c4 Be6 31. Be4 Rxe4 32. dxe4 Bxc4 0-1


[Site "https://www.chess.com"]

[Event "Titled Tuesday Blitz April 12 Early 2022"]
[White "Czerw, Dawid"]
[Black "Barria Zuniga, Daniel"]
[WhiteFideId "1145746"]
[BlackFideId "3400816"]
[WhiteElo "2125"]
[BlackElo "2414"]
[Result "0-1"]
[Round "08"]
[TimeControl "180+1"]
[Date "2022.04.13"]
[WhiteClock "0:00:01"]
[BlackClock "0:00:41"]

1. d4 c5 2. d5 g6 3. c4 Bg7 4. Nc3 d6 5. e4 e6 6. h3 exd5 7. cxd5 a6 8. a4 Ne7 9. Nf3 O-O 10. Bd3 Nd7 11. h4 h6 12. Bf4 f5 13. Bxd6 fxe4 14. Bxe4 Nf6 15. Bxc5 Nxe4 16. Nxe4 Bf5 17. Nc3 Re8 18. O-O Bxc3 19. bxc3 Qxd5 20. Bd4 Nc6 21. Qc1 Kh7 22. Rd1 Bg4 23. Bg7 Qxd1+ 24. Qxd1 Kxg7 25. Rb1 Re7 26. Qd6 Bxf3 27. gxf3 Rf8 28. h5 Rf6 29. Qg3 g5 30. Rd1 Ne5 31. Rd8 Rxf3 32. Qg2 Ref7 33. Rd6 Rxf2 34. Qxf2 Rxf2 35. Kxf2 Ng4+ 36. Kg3 Nf6 37. Re6 Nxh5+ 38. Kf2 Nf6 39. Rd6 Ne4+ 40. Ke3 Nxd6 0-1


[Site "https://www.chess.com"]

[Event "Titled Tuesday Blitz April 12 Early 2022"]
[White "Dang, Hoang Son"]
[Black "Gallegos Diaz, Carlos Alberto"]
[WhiteFideId "12402435"]
[BlackFideId "3900886"]
[WhiteElo "2252"]
[BlackElo "2362"]
[Result "1-0"]
[Round "08"]
[TimeControl "180+1"]
[Date "2022.04.13"]
[WhiteClock "0:00:22"]
[BlackClock "0:00:07"]

1. d4 Nf6 2. Bf4 d6 3. Nd2 Nbd7 4. e3 e5 5. Bg3 c6 6. c3 Be7 7. Bd3 O-O 8. Ngf3 Re8 9. O-O Bf8 10. dxe5 dxe5 11. Ne4 Qc7 12. Qc2 Nxe4 13. Bxe4 Nf6 14. Bf5 g6 15. Bxc8 Raxc8 16. Rad1 Nh5 17. Ng5 Nxg3 18. fxg3 f5 19. Qb3+ Kh8 20. Kh1 Bh6 21. Nf7+ Kg7 22. Nd6 Red8 23. Qe6 Rb8 24. Ne8+ Rxe8 25. Rd7+ Qxd7 26. Qxd7+ Kg8 27. e4 f4 28. Rd1 Bg5 29. Qg4 Bf6 30. gxf4 Rbd8 31. Rxd8 Rxd8 32. f5 Kf7 33. h4 Rd3 34. h5 g5 35. h6 Ke7 36. Qe2 Rd6 37. Kh2 Kf7 38. Qc4+ Kf8 39. Qb4 Be7 40. Qxb7 g4 41. Kg3 Rd3+ 42. Kxg4 Rd7 43. Qxd7 1-0


[Site "https://www.chess.com"]

[Event "Titled Tuesday Blitz April 12 Early 2022"]
[White "Demin, Vladimir"]
[Black "Mikhalsky, Vladimir"]
[WhiteFideId "4167457"]
[BlackFideId "14144352"]
[WhiteElo "2397"]
[BlackElo "2301"]
[Result "0-1"]
[Round "08"]
[TimeControl "180+1"]
[Date "2022.04.13"]
[WhiteClock "0:00:02"]
[BlackClock "0:00:18"]

1. d4 Nf6 2. g4 Nxg4 3. e4 d5 4. e5 h5 5. h3 Nh6 6. Qxh5 c5 7. dxc5 Nc6 8. Nc3 Bf5 9. Bd3 g6 10. Qe2 e6 11. Nf3 Bxc5 12. Bg5 Be7 13. Bxe7 Qxe7 14. O-O-O a6 15. a3 Na5 16. Na4 Rc8 17. Kb1 b5 18. Nb6 Rc6 19. Bxf5 Nxf5 20. Nxd5 exd5 21. Rxd5 O-O 22. h4 Rc5 23. Rxc5 Qxc5 24. h5 Nc4 25. e6 Qe7 26. exf7+ Rxf7 27. Qd3 Qd6 28. Qe4 Re7 29. Qg4 Qf6 30. c3 Nh6 31. Qxg6+ Qxg6+ 32. hxg6 Kg7 33. Nd4 Re5 34. f4 Rd5 35. Re1 Nf5 36. Nxf5+ Rxf5 37. Re6 Rf6 38. Re7+ Kxg6 39. Kc2 Kf5 40. b3 Nd6 41. Ra7 Ne4 42. a4 Rc6 43. axb5 Rxc3+ 44. Kb2 axb5 45. Rb7 Rc5 46. Rf7+ Nf6 47. b4 Rd5 48. Kb3 Ke6 49. Re7+ Kxe7 0-1


[Site "https://www.chess.com"]

[Event "Titled Tuesday Blitz April 12 Early 2022"]
[White "Derjabin, Ilja"]
[Black "Onslow, Alfie"]
[WhiteFideId "14104768"]
[BlackFideId "436976"]
[WhiteElo "2341"]
[BlackElo "1884"]
[Result "1-0"]
[Round "08"]
[TimeControl "180+1"]
[Date "2022.04.13"]
[WhiteClock "0:00:11"]
[BlackClock "0:00:06"]

1. d4 Nf6 2. c4 c5 3. d5 b5 4. e4 Nxe4 5. Qf3 Nd6 6. Nc3 bxc4 7. Nh3 g6 8. Ng5 Bg7 9. h4 h5 10. Nce4 Nf5 11. Bxc4 d6 12. O-O O-O 13. Ng3 Nxg3 14. fxg3 Bg4 15. Qf2 Nd7 16. Be2 Ne5 17. Bxg4 Nxg4 18. Qf3 Rb8 19. Kh1 a5 20. Rb1 a4 21. Qe4 Rb4 22. Qc2 Qa8 23. Bd2 Rd4 24. Bc3 Rxd5 25. Bxg7 Kxg7 26. Rf4 Nf6 27. Rbf1 Rd4 28. Rxd4 cxd4 29. Qe2 e5 30. Qc4 d5 31. Qc7 Qd8 32. Ne6+ Kg8 33. Nxd8 Ne4 34. Rxf7 Nxg3+ 35. Kg1 Rxf7 36. Qxf7+ Kh8 37. Ne6 Nf5 38. Qxg6 Nxh4 39. Qg7# 1-0


[Site "https://www.chess.com"]

[Event "Titled Tuesday Blitz April 12 Early 2022"]
[White "Domingo Nunez, Alejandro"]
[Black "Melikhov, Evgeny V."]
[WhiteFideId "22245561"]
[BlackFideId "4122046"]
[WhiteElo "2215"]
[BlackElo "1931"]
[Result "0-1"]
[Round "08"]
[TimeControl "180+1"]
[Date "2022.04.13"]
[WhiteClock "0:00:05"]
[BlackClock "0:00:03"]

1. c4 e5 2. Nc3 d6 3. g3 f5 4. Bg2 Nf6 5. Rb1 g6 6. b4 Bg7 7. d3 O-O 8. a4 Nc6 9. b5 Nd4 10. e3 Ne6 11. Nge2 Rb8 12. a5 Bd7 13. Ba3 f4 14. Nd5 Nxd5 15. Bxd5 fxe3 16. fxe3 Kh8 17. Nc3 Ng5 18. h4 Nh3 19. Rb2 c6 20. Bg2 e4 21. Nxe4 Bxb2 22. Bxb2+ Kg8 23. Bxh3 Bxh3 24. Rxh3 d5 25. Ng5 dxc4 26. Qg4 Qxa5+ 27. Ke2 cxd3+ 28. Kxd3 Qxb5+ 29. Qc4+ Qxc4+ 30. Kxc4 Rf5 31. g4 b5+ 32. Kb3 Rf2 33. h5 gxh5 34. Rxh5 a5 35. Rxh7 a4+ 36. Ka2 Rxb2+ 37. Kxb2 Re8 38. Rc7 Rxe3 39. Rxc6 b4 40. Rc4 Re2+ 41. Kb1 Re1+ 42. Kc2 b3+ 43. Kd2 b2 44. Kxe1 b1=Q+ 45. Ke2 a3 46. Rc8+ Kg7 47. Ne6+ Kf6 48. Nf4 a2 49. Rc6+ Ke7 50. Nd5+ Kd7 51. Rb6 a1=Q 52. Rxb1 Qxb1 53. Ke3 Qb5 54. Ke4 Qc4+ 55. Ke5 Ke8 56. g5 Kf7 57. Nf4 Qc5+ 58. Nd5 Kg6 59. Ke6 Kxg5 60. Ne7 Kg4 61. Nc6 Qe3+ 62. Kd6 Kf4 63. Ne7 Qd4+ 64. Ke6 Qe5+ 65. Kd7 Ke4 66. Nc6 Qb5 67. Kd6 Qd5+ 68. Kc7 Qc5 69. Kd7 Kd5 70. Ne7+ Kc4 71. Ke6 Qb6+ 72. Kf5 Qc7 73. Ke6 Kc5 74. Nf5 Qc6+ 75. Ke5 Qd5+ 76. Kf4 Qf7 77. Ke5 Qg8 78. Kf4 Qf8 79. Ke5 Kc6 80. Nd4+ Kd7 81. Nf5 Qe8+ 82. Kf4 Qf7 83. Ke5 Qe6+ 84. Kf4 Qa2 85. Ke5 Qa5+ 86. Kf4 Ke6 87. Nd4+ Kf6 88. Ke4 Qb4 89. Kd5 Qd2 90. Ke4 Qc3 91. Kd5 Qd3 92. Kc5 Ke5 93. Nc6+ Ke6 94. Nd4+ Ke5 95. Nc6+ Ke4 96. Kb6 Qc4 97. Na7 Kd5 98. Nb5 Qb4 99. Ka6 Kc6 100. Na7+ Kc5 101. Nb5 Qxb5+ 102. Ka7 Kc6 103. Ka8 Qb7# 0-1


[Site "https://www.chess.com"]

[Event "Titled Tuesday Blitz April 12 Early 2022"]
[White "Wagner, Dinara"]
[Black "Ahmadzada, Ahmad"]
[WhiteFideId "24157570"]
[BlackFideId "13413007"]
[WhiteElo "2516"]
[BlackElo "2808"]
[Result "0-1"]
[Round "08"]
[TimeControl "180+1"]
[Date "2022.04.13"]
[WhiteClock "0:00:51"]
[BlackClock "0:00:02"]

1. d4 Nf6 2. c4 e6 3. Nf3 b6 4. a3 Bb7 5. Nc3 g6 6. d5 Bg7 7. e4 d6 8. Bd3 O-O 9. O-O Nbd7 10. Bc2 a5 11. Rb1 Nh5 12. Bd2 e5 13. g3 h6 14. Nh4 Nhf6 15. Qe2 Nh7 16. b4 Qc8 17. Bd3 Ng5 18. Rfc1 Qd8 19. Nb5 Nh3+ 20. Kh1 Nf4 21. gxf4 Qxh4 22. f5 axb4 23. axb4 gxf5 24. exf5 Kh8 25. Rg1 Nf6 26. f3 Rae8 27. Nxc7 Re7 28. Nb5 e4 29. fxe4 Nxe4 30. Bxe4 Rxe4 31. Qg2 Be5 32. Bxh6 Qxh6 33. Rbf1 Rg4 34. Qe2 Rh4 35. Rg2 Rg8 36. Rfg1 Rxg2 37. Rxg2 Bc8 38. Nxd6 Qxd6 39. c5 Qxd5 40. Qe1 Rxh2+ 0-1


[Site "https://www.chess.com"]

[Event "Titled Tuesday Blitz April 12 Early 2022"]
[White "Esipenko, Andrey"]
[Black "Svane, Frederik"]
[WhiteFideId "24175439"]
[BlackFideId "12923044"]
[WhiteElo "2617"]
[BlackElo "2459"]
[Result "1/2-1/2"]
[Round "08"]
[TimeControl "180+1"]
[Date "2022.04.12"]
[WhiteClock "0:00:09"]
[BlackClock "0:00:09"]

1. d4 Nf6 2. c4 e6 3. Nf3 d5 4. Nc3 c5 5. cxd5 cxd4 6. Qxd4 exd5 7. Bg5 Be7 8. e3 O-O 9. Qa4 h6 10. Bh4 Be6 11. Bd3 Nc6 12. O-O Qb6 13. Ne2 g5 14. Bg3 Nd7 15. Qd1 Bf6 16. Nfd4 Nxd4 17. Nxd4 Nc5 18. Rc1 Nxd3 19. Qxd3 Rac8 20. Rcd1 Bxd4 21. exd4 Qxb2 22. h4 Rc3 23. Qd2 Qxd2 24. Rxd2 Rfc8 25. hxg5 hxg5 26. Be5 Rc1 27. f3 Kh7 28. g4 Kg6 29. Rb2 b6 30. Rxc1 Rxc1+ 31. Kf2 Rc4 32. Ke3 Rc3+ 33. Kf2 Ra3 34. Bd6 Ra4 35. Ke3 f6 36. a3 Rc4 37. Rh2 Rc3+ 38. Kf2 Rd3 39. Rh8 Rxd4 40. Re8 Bf7 41. Rd8 Rc4 42. Kg3 Be6 43. Be7 Rc8 44. Rxc8 Bxc8 45. Bd6 Kf7 46. Bb8 a6 47. Ba7 b5 48. Bb6 Ke6 49. Kf2 Bd7 50. Ke3 Be8 51. Ba5 Bg6 52. Bc3 Bc2 53. Bb4 Bd1 54. Bc3 Ke7 55. Bb4+ Kd7 56. Bc3 Ke6 57. Kf2 f5 58. gxf5+ Kxf5 59. Ke3 Ke6 60. Kf2 Kd6 61. Bd2 g4 62. fxg4 Bxg4 63. Ke3 Kc5 64. Kd3 d4 65. Bc1 Bf5+ 66. Kd2 Kc4 67. Bb2 d3 68. Bf6 Kb3 69. Be7 a5 70. Bf8 Bg6 71. Be7 Kc4 72. Bf8 Bf7 73. Be7 Bd5 74. Bf8 Bf3 75. Be7 Bc6 76. Bf8 b4 77. axb4 a4 78. b5 Bxb5 79. Be7 Kb3 80. Bf8 Kb2 81. Bg7+ Kb3 82. Bf8 a3 83. Bg7 Ka2 84. Kc1 Bc4 85. Bh8 Kb3 86. Kd2 Bb5 87. Bg7 Ba6 88. Bh8 Ka2 89. Kc1 Bc8 90. Bg7 Bg4 91. Bh8 Be2 92. Bg7 Kb3 93. Kd2 Bf1 94. Bf6 Be2 95. Be5 Bf1 96. Bf6 Ka2 97. Kc1 d2+ 98. Kxd2 Kb1 99. Be5 a2 100. Bd4 a1=Q 101. Bxa1 1/2-1/2


[Site "https://www.chess.com"]

[Event "Titled Tuesday Blitz April 12 Early 2022"]
[White "Fathy, Elameir"]
[Black "Csonka, Balazs"]
[WhiteFideId "10600396"]
[BlackFideId "742910"]
[WhiteElo "2311"]
[BlackElo "2404"]
[Result "0-1"]
[Round "08"]
[TimeControl "180+1"]
[Date "2022.04.13"]
[WhiteClock "0:00:03"]
[BlackClock "0:00:07"]

1. d4 e6 2. c4 d5 3. Nf3 Nf6 4. g3 dxc4 5. Bg2 Bd7 6. Ne5 Bc6 7. Nxc6 Nxc6 8. e3 Qd7 9. O-O O-O-O 10. Qa4 Nd5 11. Qxc4 h5 12. a4 Bb4 13. Bd2 Na5 14. Qc2 Bxd2 15. Nxd2 h4 16. b4 Nxb4 17. Qc3 Nac6 18. Rab1 hxg3 19. Rxb4 gxh2+ 20. Kh1 Nxb4 21. Qxb4 c6 22. a5 e5 23. a6 exd4 24. Rb1 b6 25. Nc4 dxe3 26. Nxe3 Rh6 27. Rc1 Qd2 28. Qg4+ Kb8 29. Qf4+ Qd6 30. Qxf7 Qc7 31. Qxc7+ Kxc7 32. Nd5+ Kd6 33. Nb4 c5 34. Rd1+ Kc7 35. Nd5+ Kb8 36. Re1 Rhd6 37. Nc3 c4 38. Re7 R6d7 39. Rxd7 Rxd7 40. Kxh2 Rd3 41. Nd5 c3 42. Ne7 c2 43. Nc6+ Kc7 44. Nxa7 c1=Q 45. Nb5+ Kd7 46. a7 Qf4+ 47. Kg1 Rd1+ 48. Bf1 Qg4+ 49. Kh2 Rxf1 50. a8=Q Qh4+ 51. Kg2 Qh1+ 52. Kg3 Qxa8 0-1


[Site "https://www.chess.com"]

[Event "Titled Tuesday Blitz April 12 Early 2022"]
[White "Fernandez Siles, Luis"]
[Black "Efremova, Yulia"]
[WhiteFideId "2209420"]
[BlackFideId "14113953"]
[WhiteElo "2212"]
[BlackElo "2107"]
[Result "0-1"]
[Round "08"]
[TimeControl "180+1"]
[Date "2022.04.13"]
[WhiteClock "0:02:25"]
[BlackClock "0:02:22"]

1. e4 d5 2. exd5 Qxd5 3. Nc3 Qa5 4. g3 Nf6 5. Bg2 Nc6 6. Nge2 Bg4 7. h3 Bf5 8. b4 Nxb4 9. Bxb7 Rb8 10. Bf3 Bxc2 11. Bc6+ Kd8 0-1


[Site "https://www.chess.com"]

[Event "Titled Tuesday Blitz April 12 Early 2022"]
[White "Gaehwiler, Gabriel"]
[Black "Baches Garcia, Guillermo"]
[WhiteFideId "1314530"]
[BlackFideId "2209764"]
[WhiteElo "2383"]
[BlackElo "2491"]
[Result "0-1"]
[Round "08"]
[TimeControl "180+1"]
[Date "2022.04.13"]
[WhiteClock "0:02:12"]
[BlackClock "0:00:09"]

1. Nf3 d5 2. e3 Nf6 3. c4 e6 4. Be2 c5 5. d4 Nc6 6. O-O cxd4 7. exd4 dxc4 8. Bxc4 Be7 9. Re1 O-O 10. Nc3 b6 11. Bd3 Bb7 12. Bg5 Rc8 13. Rc1 Re8 14. Bb1 Nd5 15. Qd3 g6 16. Bh6 Bf8 17. Bg5 Be7 18. Bd2 Bf6 19. Rcd1 Bg7 20. a3 Nce7 21. Ne4 Nf5 22. Ne5 h6 23. h3 Nf6 24. Nc3 Qxd4 25. Qe2 Nd5 26. Nf3 Nxc3 27. Bxc3 Bxf3 28. Qxf3 Qc5 29. Bxg7 Kxg7 30. Qd3 Rcd8 31. Qxd8 Rxd8 32. Rxd8 h5 33. Rdd1 Qb5 34. Bxf5 exf5 35. Rd2 Qb3 36. Red1 a5 37. Rc1 b5 38. Rc3 Qa2 39. Rcd3 b4 40. axb4 axb4 41. b3 Qb1+ 42. Rd1 Qb2 43. R1d2 Qb1+ 44. Kh2 Qe1 45. g3 h4 46. gxh4 Qe5+ 47. Kg1 Qe1+ 48. Kg2 Qe4+ 49. Kg1 Qe1+ 50. Kh2 Qe5+ 51. Rg3 f4 52. Rf3 f6 53. Rdd3 g5 54. Kg2 Kg6 55. Kg1 Qe4 56. Kf1 Qe5 57. Kg2 Qe4 58. Kf1 Qe5 59. Rd1 Qe4 60. Kg2 Kh5 61. hxg5 fxg5 62. Rh1 g4 63. hxg4+ Kxg4 64. Rh3 Qd5 65. Kg1 Qxf3 66. Rxf3 Kxf3 67. Kf1 Ke4 68. Ke1 Kd3 69. Kd1 Kc3 70. Ke2 Kxb3 71. Kf3 Kc2 72. Kxf4 b3 73. Ke5 b2 74. f3 b1=Q 75. f4 Qb7 76. f5 Qg7+ 77. Ke6 Qf8 78. f6 Kd3 0-1


[Site "https://www.chess.com"]